[ AOE2 MATCH · #479082525 ]
UnrankedSpanish vs Persians
Player's team · WIN
Rival team · LOSS
[ REPLAY ANALYSIS · EXTRACTED FROM THE RECORDED GAME ]
Feudal
13:22
Castle
18:16
Imperial
—
| APM avg | 44.4 |
| APM peak | 72 |
| eAPM avg | 22.5 |
| Villagers / military | 32 / 10 |
Focus
⚔️ 40.2% · 🌾 59.8%
Conquistador ×10 · Fishing Ship ×7
Feudal
11:40
Castle
23:08
Imperial
—
| APM avg | 31.9 |
| APM peak | 72 |
| eAPM avg | 10.3 |
| Villagers / military | 29 / 10 |
Focus
⚔️ 32.0% · 🌾 68.0%
Archer ×10 · Fishing Ship ×5
Match map
Initial resources + every placement click. Lines = walls · curves = elevation contours. ◆ gold · ⬟ stone · ● berries · ✦ relic · ◌ wall gap
Your base· Open — unwalled flank
niksu's base· Open — 5t gap
Smoothed initial terrain · ◌ = detected wall gap · hover for details
Inputs per minute
— LE | Andreu - - niksu
Build order — LE | Andreu
84 actions detected in the replay
| 0:20 | Build | Dock |
| 0:26 | Build | Town Center |
| 0:53 | Build | House |
| 1:18 | Build | Palisade Wall |
| 1:20 | Build | Palisade Wall |
| 2:24 | Create | Villager (Male) |
| 2:25 | Create | Villager (Male) |
| 2:41 | Create | Villager (Male) |
| 2:43 | Create | Villager (Male) |
| 2:43 | Create | Villager (Male) |
| 3:18 | Create | Villager (Male) |
| 3:34 | Create | Fishing Ship |
| 3:34 | Create | Fishing Ship |
| 4:03 | Build | House |
| 4:41 | Build | House |
| 4:56 | Create | Fishing Ship |
| 4:56 | Create | Fishing Ship |
| 4:58 | Create | Villager (Male) |
| 5:02 | Build | House |
| 5:36 | Build | House |
| 5:40 | Create | Villager (Male) |
| 5:42 | Create | Villager (Male) |
| 5:42 | Create | Villager (Male) |
| 6:20 | Create | Villager (Male) |
| 6:40 | Create | Villager (Male) |
| 6:41 | Create | Fishing Ship |
| 7:05 | Create | Fishing Ship |
| 7:25 | Create | Villager (Male) |
| 7:52 | Create | Villager (Male) |
| 8:00 | Create | Villager (Male) |
| 8:06 | Create | Fishing Ship |
| 8:18 | Build | House |
| 8:20 | Create | Villager (Male) |
| 8:42 | Build | Mill |
| 8:50 | Create | Villager (Male) |
| 8:54 | Build | House |
| 9:11 | Create | Villager (Male) |
| 9:32 | Build | House |
| 9:48 | Create | Villager (Male) |
| 10:03 | Create | Villager (Male) |
| 10:26 | Create | Villager (Male) |
| 10:38 | Build | House |
| 11:11 | Research | Feudal Age |
| 12:03 | Build | House |
| 12:23 | Build | House |
| 12:34 | Build | House |
| 12:57 | Create | Villager (Male) |
| 13:22 | Age | Feudal Age |
| 13:30 | Build | Watch Tower |
| 13:57 | Build | Market |
| 14:00 | Build | Blacksmith |
| 14:15 | Build | Market |
| 14:18 | Build | Blacksmith |
| 14:21 | Create | Villager (Male) |
| 14:36 | Build | Market |
| 14:39 | Build | Blacksmith |
| 14:46 | Build | Mining Camp |
| 14:46 | Create | Villager (Male) |
| 15:00 | Create | Villager (Male) |
| 15:19 | Create | Villager (Male) |
| 15:29 | Research | Castle Age |
| 15:29 | Research | Castle Age |
| 15:52 | Build | Mining Camp |
| 16:33 | Build | Watch Tower |
| 16:40 | Research | Fletching |
| 17:39 | Research | Stone Mining |
| 18:16 | Age | Castle Age |
| 18:54 | Build | Castle |
| 19:56 | Create | Conquistador |
| 19:56 | Create | Conquistador |
| 20:13 | Create | Conquistador |
| 20:48 | Create | Conquistador |
| 20:55 | Create | Villager (Male) |
| 21:32 | Create | Conquistador |
| 21:33 | Create | Conquistador |
| 21:33 | Create | Conquistador |
| 22:15 | Create | Conquistador |
| 22:33 | Create | Conquistador |
| 22:34 | Create | Villager (Male) |
| 22:51 | Create | Villager (Male) |
| 22:58 | Create | Villager (Male) |
| 23:18 | Create | Villager (Male) |
| 23:31 | Create | Villager (Male) |
| 23:51 | Create | Conquistador |
Build order — niksu
86 actions detected in the replay
| 0:41 | Build | Town Center |
| 0:50 | Build | Dock |
| 0:54 | Build | House |
| 2:39 | Create | Villager (Male) |
| 2:39 | Create | Villager (Male) |
| 2:39 | Create | Villager (Male) |
| 2:41 | Create | Fishing Ship |
| 3:44 | Create | Villager (Male) |
| 3:52 | Build | House |
| 4:17 | Create | Villager (Male) |
| 4:31 | Create | Villager (Male) |
| 5:07 | Create | Villager (Male) |
| 5:08 | Create | Fishing Ship |
| 5:26 | Create | Villager (Male) |
| 5:41 | Build | House |
| 5:48 | Create | Villager (Male) |
| 6:07 | Create | Fishing Ship |
| 6:14 | Create | Villager (Male) |
| 6:35 | Create | Villager (Male) |
| 6:37 | Create | Fishing Ship |
| 7:08 | Create | Villager (Male) |
| 7:22 | Create | Villager (Male) |
| 7:48 | Create | Villager (Male) |
| 7:53 | Create | Fishing Ship |
| 7:58 | Research | Loom |
| 8:04 | Build | House |
| 8:48 | Create | Villager (Male) |
| 8:50 | Create | Villager (Male) |
| 8:54 | Build | Mill |
| 9:28 | Research | Feudal Age |
| 9:55 | Create | Villager (Male) |
| 10:04 | Build | Barracks |
| 11:07 | Build | Mining Camp |
| 11:40 | Age | Feudal Age |
| 11:48 | Build | Archery Range |
| 11:49 | Create | Villager (Male) |
| 12:02 | Research | Town Watch |
| 12:12 | Build | House |
| 12:17 | Build | House |
| 12:30 | Create | Archer |
| 12:38 | Build | Outpost |
| 12:55 | Build | Outpost |
| 12:58 | Create | Villager (Male) |
| 13:02 | Create | Archer |
| 13:11 | Build | Outpost |
| 13:23 | Create | Archer |
| 13:27 | Create | Villager (Male) |
| 13:33 | Build | Outpost |
| 13:36 | Create | Villager (Male) |
| 13:44 | Create | Villager (Male) |
| 13:47 | Build | Lumber Camp |
| 14:12 | Create | Villager (Male) |
| 14:13 | Create | Archer |
| 15:03 | Build | Blacksmith |
| 15:07 | Build | Outpost |
| 15:16 | Create | Villager (Male) |
| 15:18 | Create | Archer |
| 15:18 | Create | Archer |
| 15:31 | Build | House |
| 15:46 | Research | Fletching |
| 15:46 | Research | Fletching |
| 16:19 | Build | Watch Tower |
| 16:27 | Create | Villager (Male) |
| 16:36 | Create | Archer |
| 16:49 | Create | Villager (Male) |
| 17:36 | Build | Watch Tower |
| 17:39 | Create | Archer |
| 17:39 | Create | Archer |
| 18:09 | Create | Archer |
| 18:31 | Build | Watch Tower |
| 19:50 | Create | Villager (Male) |
| 20:08 | Build | Mill |
| 20:20 | Build | Market |
| 20:40 | Build | Stone Wall |
| 20:43 | Research | Castle Age |
| 21:28 | Build | Stone Wall |
| 21:30 | Build | Stone Wall |
| 21:33 | Build | Stone Wall |
| 21:35 | Build | Stone Wall |
| 21:47 | Build | Stone Wall |
| 22:28 | Build | Stone Wall |
| 22:33 | Create | Villager (Male) |
| 22:46 | Build | Gate |
| 23:08 | Age | Castle Age |
| 23:20 | Create | Villager (Male) |
| 23:21 | Research | Double-Bit Axe |
Match timeline
| 0:20 | LE | Andreu · first_building Dock |
| 0:50 | niksu · first_building Dock |
| 1:18 | LE | Andreu · wall_segment Palisade Wall x1 |
| 1:20 | LE | Andreu · wall_segment Palisade Wall x1 |
| 10:04 | niksu · first_building Barracks |
| 11:40 | niksu · age_up feudal |
| 11:48 | niksu · first_building Archery Range |
| 13:22 | LE | Andreu · age_up feudal |
| 15:27 | LE | Andreu · first_market_sell 100 food |
| 18:10 | LE | Andreu · first_market_buy 500 stone |
| 18:16 | LE | Andreu · age_up castle |
| 18:54 | LE | Andreu · first_building Castle |
| 20:40 | niksu · wall_segment Stone Wall x7 |
| 21:28 | niksu · wall_segment Stone Wall x1 |
| 21:30 | niksu · wall_segment Stone Wall x1 |
| 21:33 | niksu · wall_segment Stone Wall x1 |
| 21:35 | niksu · wall_segment Stone Wall x1 |
| 21:47 | niksu · wall_segment Stone Wall x7 |
| 22:28 | niksu · wall_segment Stone Wall x1 |
| 23:08 | niksu · age_up castle |
| 24:03 | niksu · resign |
[ AI ANALYSIS · 1 CREDIT ]
What really happened in this match?
Wolo.gg analyzes every decision: build order, eco, micro, common mistakes by bracket. Personalized analysis on WhatsApp or Discord in 30 seconds.
Civ guide
Spanish
Perfil
LE | Andreu